 Dungeon Sprint DCSS version 0.24-a0-615-g751f86b5a9 (webtiles) character file.

Game seed: 871884044490904742, levelgen mode: deterministic

153718644 MordorOrchid the Intangible (level 21, 120/120 (122) HPs)
             Began as a Felid Air Elementalist on Sept 11, 2019.
             Was the Champion of Sif Muna.
             Escaped with the Orb
             ... and 17 runes on Sept 13, 2019!
             The game lasted 03:38:11 (11837 turns).

MordorOrchid the Intangible (FeAE)                 Turns: 11837, Time: 03:38:12

HP:   120/120 (122) AC:  9    Str:  4    XL:     21   Next: 98%
MP:   54/62         EV: 41    Int: 25    God:    Sif Muna [******]
Gold: 238           SH:  0    Dex: 21    Spells: 1/74 levels left
                                        Lives: 2   Deaths: 2

rFire    . . .     SeeInvis +     - Unarmed
rCold    + + .     Gourm    .   (shield unavailable)
rNeg     + + +     Faith    .   (armour unavailable)
rPois    ∞         Spirit   .   (helmet unavailable)
rElec    .         Reflect  .   (cloak unavailable)
rCorr    +         Harm     .   (gloves unavailable)
MR       ++++.     NoTele   +   (boots unavailable)
Stlth    ++++......             (no amulet)
HPRegen  0.30/turn              y - ring of wizardry
MPRegen  0.38/turn              F - ring of Jeosun {rCorr MP+9 Dex+5}

@: lich-form, quick
A: very small, no armour, no weapons or thrown items, stealth, claws 1, fangs 3,
see invisible, carnivore, clumsy 1, deterioration 1, speed 1, shaggy fur 3, slow
metabolism 1, sharp paws
0: Orb of Zot
}: 17/17 runes: decaying, serpentine, barnacled, slimy, elven, silver, golden,
iron, obsidian, icy, bone, abyssal, glowing, magical, fiery, dark, gossamer
a: End Transformation, Channel Magic, Forget Spell, Divine Exegesis, Renounce
Religion


You escaped.
You worshipped Sif Muna.
Sif Muna was exalted by your worship.
You were not hungry.
You were a lich.
You visited 1 branch You collected 1948 gold pieces.
You spent 1710 gold pieces at shops.

Inventory:

Jewellery
 e - the ring of the Jester {rF+ AC+3 Dex+4 Stlth+}
   (You found it in the Dungeon)

   [ring of protection]

   It affects your AC (+3).
   It affects your dexterity (+4).
   It protects you from fire.
   It makes you more stealthy.
 l - an uncursed ring of protection from cold
 r - an uncursed ring of protection from fire
 s - an uncursed ring of poison resistance
 v - an uncursed ring of wizardry
 w - a +4 ring of evasion
 x - a +6 ring of strength
 y - a ring of wizardry (left paw)
 B - the ring "Usoqireu" {Fire *Drain Str+4 Int+7 Dex+3}
   (You found it in the Dungeon)

   [ring of fire]

   It enhances your fire magic.
   It affects your strength (+4).
   It affects your intelligence (+7).
   It affects your dexterity (+3).
   It protects you from fire.
   It makes you vulnerable to cold.
   It causes draining when unequipped.
 C - an uncursed ring of ice
 F - the ring of Jeosun (right paw) {rCorr MP+9 Dex+5}
   (You found it in the Dungeon)

   [ring of resist corrosion]

   It affects your dexterity (+5).
   It affects your magic capacity (+9).
   It provides partial protection from all sources of acid and corrosion.
Wands
 j - a wand of acid (2)
Scrolls
 g - 10 scrolls of remove curse
 h - 4 scrolls of blinking
 p - 3 scrolls of fear
 u - 5 scrolls of fog
 A - a scroll of holy word
Potions
 a - a potion of lignification
 c - 6 potions of curing
 d - 11 potions of heal wounds
 f - a potion of magic
 k - a potion of resistance
 m - 4 potions of might
 n - 3 potions of berserk rage
 o - a potion of haste
 q - a potion of experience {unknown}
 E - 4 potions of mutation
Miscellaneous
 i - the horn of Geryon
 D - a phantom mirror
Comestibles
 b - 18 rations


   Skills:
 O Level 27 Fighting
 O Level 27 Dodging
 O Level 27 Stealth
 * Level 25.2 Unarmed Combat
 O Level 27 Spellcasting
 O Level 27 Conjurations
 - Level 12.2 Hexes
 - Level 3.3 Charms
 * Level 18.7 Summonings
 - Level 17.2 Necromancy
 - Level 6.1 Translocations
 + Level 25.0 Transmutations
 O Level 27 Fire Magic
 O Level 27 Ice Magic
 - Level 12.0 Air Magic
 - Level 8.3 Earth Magic
 * Level 16.9 Invocations
 - Level 12.2 Evocations


You had one spell level left.
You knew the following spells:

 Your Spells              Type           Power        Failure   Level  Hunger
e - Borgnjor's Vile Clut  Necr/Erth      #######...   1%          5    N/A
f - Fire Storm            Conj/Fire      ########..   1%          9    N/A
g - Mephitic Cloud        Conj/Pois/Air  #######.     0%          3    N/A
j - Summon Lightning Spi  Summ/Air       #######.     0%          4    N/A
k - Regeneration          Chrm/Necr      #######...   1%          3    N/A
l - Glaciate              Conj/Ice       ########..   1%          9    N/A
n - Necromutation         Tmut/Necr      ########..   1%          8    N/A
o - Orb of Destruction    Conj           ########..   0%          7    N/A
r - Irradiate             Conj/Tmut      ########..   0%          5    N/A
s - Spellforged Servitor  Conj/Summ      #######...   1%          7    N/A
w - Swiftness             Chrm/Air       ######..     1%          2    N/A
x - Blink                 Tloc           N/A          1%          2    N/A
y - Shroud of Golubria    Chrm/Tloc      ######       1%          2    N/A
A - Confusing Touch       Hex            ######       0%          1    N/A
Y - Statue Form           Tmut/Erth      #######..    1%          6    N/A

Your spell library contained the following spells:

 Spells                   Type           Power        Failure   Level  Hunger
 Animate Skeleton         Necr           N/A          0%          1    N/A
 Beastly Appendage        Tmut           ######       0%          1    N/A
 Corona                   Hex            #######      0%          1    N/A
 Flame Tongue             Conj/Fire      #####        0%          1    N/A
 Freeze                   Ice            ####         0%          1    N/A
 Magic Dart               Conj           ####         0%          1    N/A
 Pain                     Necr           ####         0%          1    N/A
 Shock                    Conj/Air       ####         0%          1    N/A
 Sting                    Conj/Pois      ####         0%          1    N/A
 Summon Butterflies       Summ           #######.     0%          1    N/A
 Summon Small Mammal      Summ           ####         0%          1    N/A
 Apportation              Tloc           ######       1%          1    N/A
 Infusion                 Chrm           ####         1%          1    N/A
 Sandblast                Erth           ######       1%          1    N/A
 Call Imp                 Summ           #######.     0%          2    N/A
 Corpse Rot               Necr           N/A          0%          2    N/A
 Ensorcelled Hibernation  Hex/Ice        ######       0%          2    N/A
 Passwall                 Tmut/Erth      #######.     0%          2    N/A
 Searing Ray              Conj           ######       0%          2    N/A
 Slow                     Hex            #######.     0%          2    N/A
 Sticks to Snakes         Tmut           ########     0%          2    N/A
 Sublimation of Blood     Necr           ########..   0%          2    N/A
 Throw Flame              Conj/Fire      ######       0%          2    N/A
 Throw Frost              Conj/Ice       ######       0%          2    N/A
 Call Canine Familiar     Summ           #######.     0%          3    N/A
 Confuse                  Hex            #######.     0%          3    N/A
 Conjure Flame            Conj/Fire      ########     0%          3    N/A
 Dazzling Spray           Conj/Hex       ######       0%          3    N/A
 Ignite Poison            Fire/Tmut/Pois #######.     0%          3    N/A
 Inner Flame              Hex/Fire       #######.     0%          3    N/A
 Ozocubu's Armour         Chrm/Ice       #######.     0%          3    N/A
 Recall                   Summ/Tloc      N/A          0%          3    N/A
 Spider Form              Tmut/Pois      #######...   0%          3    N/A
 Static Discharge         Conj/Air       #######.     0%          3    N/A
 Stone Arrow              Conj/Erth      ######       0%          3    N/A
 Summon Guardian Golem    Hex/Summ       #######.     0%          3    N/A
 Tukima's Dance           Hex            #######.     0%          3    N/A
 Vampiric Draining        Necr           ########..   0%          3    N/A
 Animate Dead             Necr           N/A          0%          4    N/A
 Force Lance              Conj/Tloc      #######.     0%          4    N/A
 Fulminant Prism          Conj/Hex       #######...   0%          4    N/A
 Ice Form                 Ice/Tmut       ########     0%          4    N/A
 Iskenderun's Mystic Bla  Conj           ########     0%          4    N/A
 Petrify                  Tmut/Erth      #######.     0%          4    N/A
 Sticky Flame             Conj/Fire      ########     0%          4    N/A
 Summon Ice Beast         Ice/Summ       #######.     0%          4    N/A
 Throw Icicle             Conj/Ice       ########     0%          4    N/A
 Agony                    Necr           ########     0%          5    N/A
 Aura of Abjuration       Summ           #######...   0%          5    N/A
 Blade Hands              Tmut           ########..   0%          5    N/A
 Bolt of Draining         Conj/Necr      ########..   0%          5    N/A
 Bolt of Magma            Conj/Fire/Erth #######...   0%          5    N/A
 Dispel Undead            Necr           ########     0%          5    N/A
 Fireball                 Conj/Fire      ########..   0%          5    N/A
 Lightning Bolt           Conj/Air       #######...   0%          5    N/A
 Metabolic Englaciation   Hex/Ice        #######...   0%          5    N/A
 Summon Demon             Summ           #######...   0%          5    N/A
 Yara's Violent Unravell  Hex/Tmut       #######...   0%          5    N/A
 Bolt of Cold             Conj/Ice       ########..   0%          6    N/A
 Bolt of Fire             Conj/Fire      ########..   0%          6    N/A
 Freezing Cloud           Conj/Ice/Air   #######...   0%          6    N/A
 Hydra Form               Tmut           ########..   0%          6    N/A
 Ozocubu's Refrigeration  Ice            ########..   0%          6    N/A
 Simulacrum               Ice/Necr       ########..   0%          6    N/A
 Poisonous Vapours        Pois/Air       ######       1%          2    N/A
 Song of Slaying          Chrm           ######..     1%          2    N/A
 Gell's Gravitas          Tloc           ######....   1%          3    N/A
 Lesser Beckoning         Tloc           ######....   1%          3    N/A
 Teleport Other           Tloc           ######..     1%          3    N/A
 Airstrike                Air            #######...   1%          4    N/A
 Cause Fear               Hex            #######...   1%          4    N/A
 Leda's Liquefaction      Hex/Erth       ######....   1%          4    N/A
 Alistair's Intoxication  Tmut/Pois      #######.     1%          5    N/A
 Iskenderun's Battlesphe  Conj/Chrm      #######.     1%          5    N/A
 Lee's Rapid Deconstruct  Erth           ######....   1%          5    N/A
 Silence                  Hex/Air        #######...   1%          5    N/A
 Summon Forest            Summ/Tloc      #######...   1%          5    N/A
 Summon Mana Viper        Hex/Summ       #######.     1%          5    N/A
 Venom Bolt               Conj/Pois      #######...   1%          5    N/A
 Conjure Ball Lightning   Conj/Air       #######...   1%          6    N/A
 Darkness                 Hex            #######...   1%          6    N/A
 Death Channel            Necr           ########..   1%          6    N/A
 Invisibility             Hex            #######.     1%          6    N/A
 Iron Shot                Conj/Erth      #######...   1%          6    N/A
 Poison Arrow             Conj/Pois      #######...   1%          6    N/A
 Shadow Creatures         Summ           N/A          1%          6    N/A
 Dragon Form              Tmut           ########..   1%          7    N/A
 Haunt                    Necr/Summ      ########..   1%          7    N/A
 Malign Gateway           Summ/Tloc      #######...   1%          7    N/A
 Monstrous Menagerie      Summ           #######...   1%          7    N/A
 Ring of Flames           Chrm/Fire      #######...   1%          7    N/A
 Summon Greater Demon     Summ           #######...   1%          7    N/A
 Summon Hydra             Summ           #######...   1%          7    N/A
 Borgnjor's Revivificati  Necr           ########..   1%          8    N/A
 Chain Lightning          Conj/Air       #######...   1%          8    N/A
 Ignition                 Fire           ########..   1%          8    N/A
 Infestation              Necr           ########..   1%          8    N/A
 Lehudib's Crystal Spear  Conj/Erth      #######...   1%          8    N/A
 Summon Horrible Things   Summ           #######...   1%          8    N/A
 Deflect Missiles         Chrm/Air       ######....   2%          6    N/A
 Olgreb's Toxic Radiance  Pois           ####....     3%          4    N/A
 Dispersal                Tloc           ######....   4%          6    N/A
 Discord                  Hex            #######...   16%         8    N/A
 Dragon's Call            Summ           #######...   16%         9    N/A
 Death's Door             Chrm/Necr      #######...   32%         8    N/A
 Controlled Blink         Tloc           N/A          85%         8    N/A
 Disjunction              Tloc           ######....   85%         8    N/A
 Tornado                  Air            #######...   91%         9    N/A
 Shatter                  Erth           ######....   100%        9    N/A
 Portal Projectile        Hex/Tloc       Unusable     N/A         3    N/A
 Spectral Weapon          Hex/Chrm       Unusable     N/A         3    N/A
 Passage of Golubria      Tloc           Unusable     N/A         4    N/A

Dungeon Overview and Level Annotations

Branches:
Dungeon (1/1)

Altars:
Cheibriados
Dithmenos
Elyvilon
Fedhas
Gozag
Hepliaklqana
Kikubaaqudgha
Makhleb
Nemelex Xobeh
Okawaru
Qazlal
Ru
Sif Muna
Trog
Uskayaw
Vehumet
Wu Jian
Xom
Yredelemnul
Zin
The Shining One
Beogh
Jiyva
Lugonu

Shops:
D (:


Innate Abilities, Weirdness & Mutations

You cannot wear armour.
You are incapable of wielding weapons or throwing items.
Your paws allow you to move quietly. (Stealth)
You have sharp claws.
You have razor-sharp teeth.
You have supernaturally acute eyesight. (SInv)
You are carnivorous and can eat meat at any time.
You cover ground quickly.
Your thick and shaggy fur keeps you warm. (AC +3, rC+)
You have a slow metabolism.
Your sharp claws are effective at attacking unaware monsters.
You are clumsy. (Dex -2)
Your body sometimes deteriorates upon taking damage.


Message History

There is a roughly hewn altar of Beogh here.
There is an open door to the Temple here.
You close the door.
Casting: Borgnjor's Vile Clutch (safe; 1% risk of failure)
Confirm with . or Enter, or press ? or * to list all spells.
You blink.
Things that are here:
10 arrows; a cursed -2 shortbow
There is an open door here.
You close the door.
Casting: Blink (safe; 1% risk of failure)
Confirm with . or Enter, or press ? or * to list all spells.
You blink.
You see here a +0 dagger.
There is an open door to the Dungeon here.
You close the door.
Casting: Blink (safe; 1% risk of failure)
Confirm with . or Enter, or press ? or * to list all spells.
You blink.
You have escaped!

▓.............+([[
▓.▓▓▓▓▓▓▓▓▓▓▓▓▓▓▓▓
▓....).[..........
▓▓▓▓▓▓▓▓▓▓▓▓▓▓▓▓▓▓
▓.......+......)..
▓.▓▓▓▓▓▓▓▓▓▓▓▓▓▓▓▓
▓.§...............
▓▓▓▓▓▓▓▓▓▓▓▓▓▓▓▓▓▓
▓L..§+)....+.(...+
▓▓▓▓▓▓▓▓▓▓▓▓▓▓▓▓▓▓


There were no monsters in sight!

Vanquished Creatures
  Cerebov (D)
  Antaeus (D)
  2 pandemonium lords (D)
  Asmodeus (D)
  the Royal Jelly (D)
  Gloorx Vloq (D)
  Ereshkigal (D)
  Lom Lobon (D)
  Dispater (D)
  Mnoleg (D)
  4 orbs of fire (D)
  4 ancient liches (D)
  Mennas (D)
  Mara (D)
  4 greater mummies (D)
  Margery (D)
  Frederick (D)
  Boris (D)
  Geryon (D)
  3 golden dragons (D)
  5 bone dragons (D)
  Nikola (D)
  A Tzitzimitl (D)
  A Brimstone Fiend (D)
  2 electric golems (D)
  A tentacled monstrosity (D)
  An Ice Fiend (D)
  28 Orb Guardians (D)
  4 deep elf master archers (D)
  4 deep elf blademasters (D)
  8 acid blobs (D)
  3 liches (D)
  A quicksilver dragon (D)
  Frances (D)
  12 sphinxes (D)
  3 death cobs (D)
  4 tengu reavers (D)
  6 shadow dragons (D)
  Ilsuiw (D)
  Donald (D)
  7 nagarajas (D)
  4 storm dragons (D)
  11 azure jellies (D)
  A frost giant (D)
  A draconian monk (D)
  4 draconian knights (D)
  A vault warden (D)
  3 draconian scorchers (D)
  5 emperor scorpions (D)
  Louise (D)
  3 ghost moths (D)
  A deep elf sorcerer (D)
  3 draconian shifters (D)
  An ironheart preserver (D)
  8 stone giants (D)
  A war gargoyle (D)
  9 vampire knights (D)
  An entropy weaver (D)
  2 deep elf annihilators (D)
  A lorocyproca (D)
  3 green draconians (D)
  A red draconian (D)
  3 black draconians (D)
  4 white draconians (D)
  A spark wasp (shapeshifter) (D)
  3 spark wasps (D)
  2 purple draconians (D)
  2 merfolk javelineers (D)
  A blizzard demon (D)
  2 ettins (D)
  A deep elf death mage (D)
  A fire dragon (D)
  2 merfolk impalers (D)
  Josephine (D)
  5 mummy priests (D)
  6 death oozes (D)
  A yaktaur captain (D)
  A great orb of eyes (D)
  A deep elf high priest (D)
  4 hell beasts (D)
  3 ice dragons (D)
  3 naga warriors (D)
  23 vault guards (D)
  A ghost crab (D)
  3 hydras (D)
  3 centaur warriors (D)
  A spriggan air mage (D)
  A satyr (D)
  A deep troll shaman (D)
  A tengu warrior (D)
  Urug (D)
  2 orc high priests (D)
  A shock serpent (D)
  A thrashing horror (D)
  Sonja (D)
  2 hell knights (D)
  A deep elf archer (D)
  2 spriggan druids (D)
  2 wizards (D)
  A glowing orange brain (D)
  7 swamp dragons (D)
  A harpy (D)
  3 lindwurms (D)
  4 ironbrand convokers (D)
  6 orc knights (D)
  6 necromancers (D)
  An ugly thing (D)
  A deep elf mage (D)
  An orb spider (D)
  3 orc sorcerers (D)
  5 wolf spiders (D)
  12 moths of wrath (D)
  A cyclops (D)
  A manticore (D)
  An elephant (D)
  A salamander (D)
  A rust devil (D)
  3 naga magi (D)
  2 water nymphs (D)
  A spiny frog (D)
  Psyche (D)
  3 vault sentinels (D)
  2 smoke demons (D)
  A gargoyle (D)
  5 demonic crawlers (D)
  2 freezing wraiths (D)
  2 komodo dragons (D)
  A kobold demonologist (D)
  An efreet (D)
  6 yaktaurs (D)
  A komodo dragon (shapeshifter) (D)
  2 hellions (D)
  19 guardian mummies (D)
  An ice devil (D)
  An ancient zyme (D)
  A wandering mushroom (D)
  A red devil (D)
  A tengu conjurer (D)
  A hornet (D)
  2 merfolk (D)
  A queen bee (shapeshifter) (D)
  A troll (D)
  2 slime creatures (D)
  3 tyrant leeches (D)
  A hornet (shapeshifter) (D)
  4 blink frogs (D)
  A slime creature (shapeshifter) (D)
  3 hippogriffs (D)
  A large abomination (D)
  2 redbacks (D)
  9 spriggans (D)
  2 tarantellas (D)
  2 ynoxinuls (D)
  A small abomination (D)
  A basilisk (D)
  2 yaks (shapeshifter) (D)
  4 wraiths (D)
  2 chaos spawn (D)
  2 golden eyes (D)
  A hungry ghost (D)
  A vampire mosquito (D)
  3 nagas (D)
  A porcupine (D)
  5 water moccasins (D)
  A floating eye (D)
  2 swamp drakes (D)
  12 orc warriors (D)
  An ice beast (D)
  A sky beast (D)
  2 eyes of draining (D)
  An ogre (D)
  A centaur (D)
  2 crocodiles (D)
  2 bullfrogs (D)
  2 scorpions (D)
  A crimson imp (D)
  4 orc wizards (D)
  A quasit (D)
  An orc priest (D)
  2 worker ants (D)
  A shadow imp (D)
  An ooze (D)
  An adder skeleton (D)
  2 worms (D)
  A ball lightning (D)
  A leopard gecko (D)
  12 orcs (D)
  A giant cockroach (D)
  2 goblins (D)
  A hobgoblin (D)
  A rat (D)
  18 blocks of ice (D)
  4 fire vortices (D)
539 creatures vanquished.

Vanquished Creatures (collateral kills)
  Sojobo (D)
  3 Orb Guardians (D)
  2 shadow dragons (D)
  A vault warden (D)
  A deep elf sorcerer (D)
  A white draconian (D)
  A merfolk impaler (D)
  An ice dragon (D)
  A hydra (D)
  A merfolk avatar (D)
  2 vault guards (D)
  A ghost crab (D)
  A naga warrior (D)
  An anaconda (D)
  3 merfolk aquamancers (D)
  An infernal demonspawn (D)
  A deep elf archer (D)
  A swamp dragon (D)
  An orc knight (D)
  2 moths of wrath (D)
  A manticore (D)
  A guardian serpent (D)
  A black mamba (D)
  A vault sentinel (D)
  2 freezing wraiths (D)
  A hornet (D)
  3 merfolk (D)
  2 spriggans (D)
  Eustachio (D)
40 creatures vanquished.

Vanquished Creatures (others)
  A merfolk aquamancer (D)
  A tyrant leech (D)
  A ball lightning (D)
  20 blocks of ice (D)
  44 fire vortices (D)
67 creatures vanquished.

Grand Total: 646 creatures vanquished

Notes
Turn   | Place    | Note
-------+----------+-------------------------------------------
     0 | D        | MordorOrchid the Felid Air Elementalist began the quest for
                  | the Orb.
     0 | D        | Reached XP level 1. HP: 7/7 MP: 4/4
     6 | D        | Reached skill level 1 in Fighting
     6 | D        | Reached skill level 1 in Unarmed Combat
    51 | D        | Reached XP level 2. HP: 13/13 MP: 0/7
   114 | D        | Noticed a centaur
   114 | D        | Noticed a sky beast
   122 | D        | Reached skill level 1 in Conjurations
   127 | D        | Killed a centaur
   127 | D        | Reached skill level 5 in Spellcasting
   127 | D        | Reached XP level 3. HP: 16/16 MP: 1/10
   127 | D        | Reached XP level 4. HP: 19/19 MP: 1/12
   128 | D        | Reached skill level 5 in Air Magic
   134 | D        | Killed a sky beast
   134 | D        | Reached XP level 5. HP: 22/22 MP: 1/15
   148 | D        | Found a roughly hewn altar of Beogh.
   148 | D        | Found a snail-covered altar of Cheibriados.
   148 | D        | Found a shadowy altar of Dithmenos.
   148 | D        | Found a white marble altar of Elyvilon.
   148 | D        | Found a blossoming altar of Fedhas.
   148 | D        | Found an opulent altar of Gozag.
   149 | D        | Found a hazy altar of Hepliaklqana.
   150 | D        | Found a viscous altar of Jiyva.
   151 | D        | Found an ancient bone altar of Kikubaaqudgha.
   152 | D        | Found a corrupted altar of Lugonu.
   153 | D        | Found a burning altar of Makhleb.
   154 | D        | Found a sparkling altar of Nemelex Xobeh.
   155 | D        | Found an iron altar of Okawaru.
   156 | D        | Found a stormy altar of Qazlal.
   157 | D        | Found a sacrificial altar of Ru.
   158 | D        | Found a shimmering blue altar of Sif Muna.
   159 | D        | Found a bloodstained altar of Trog.
   160 | D        | Found a hide-covered altar of Uskayaw.
   161 | D        | Found a radiant altar of Vehumet.
   162 | D        | Found an ornate altar of the Wu Jian Council.
   163 | D        | Found a shimmering altar of Xom.
   164 | D        | Found a basalt altar of Yredelemnul.
   165 | D        | Found a glowing silver altar of Zin.
   166 | D        | Found a glowing golden altar of the Shining One.
   168 | D        | Became a worshipper of Sif Muna the Loreminder
   201 | D        | Learned a level 5 spell: Lightning Bolt
   206 | D        | Learned a level 4 spell: Airstrike
   209 | D        | Learned a level 2 spell: Swiftness
   213 | D        | Learned a level 3 spell: Static Discharge
   227 | D        | Noticed a troll
   227 | D        | Noticed an ice beast
   227 | D        | Noticed an ogre
   233 | D        | Killed a troll
   233 | D        | Gained mutation: You are covered in thick fur. (AC +2)
                  | [Felid growth]
   233 | D        | Reached XP level 6. HP: 10/26 MP: 15/17
   233 | D        | Killed an ice beast
   233 | D        | Reached * piety under Sif Muna
   237 | D        | Reached XP level 7. HP: 12/30 MP: 12/19
   237 | D        | Reached skill level 5 in Conjurations
   242 | D        | Reached ** piety under Sif Muna
   364 | D        | Noticed a tengu warrior
   364 | D        | Noticed a vampire mosquito
   364 | D        | Noticed a gargoyle
   377 | D        | Reached skill level 5 in Evocations
   378 | D        | Killed a gargoyle
   378 | D        | Reached skill level 5 in Invocations
   378 | D        | Reached XP level 8. HP: 34/34 MP: 0/20
   385 | D        | Reached *** piety under Sif Muna
   386 | D        | Killed a tengu warrior
   386 | D        | Reached skill level 10 in Air Magic
   578 | D        | Noticed a hippogriff
   578 | D        | Noticed a hippogriff
   578 | D        | Noticed a hippogriff
   579 | D        | Reached skill level 5 in Unarmed Combat
   580 | D        | Killed a hippogriff
   580 | D        | Reached skill level 5 in Fighting
   580 | D        | Reached XP level 9. HP: 40/40 MP: 15/21
   581 | D        | Reached **** piety under Sif Muna
   581 | D        | Reached skill level 5 in Stealth
   585 | D        | Reached skill level 10 in Dodging
   588 | D        | Reached ***** piety under Sif Muna
   592 | D        | Received a gift from Sif Muna
   619 | D        | Learned a level 3 spell: Dazzling Spray
   624 | D        | Learned a level 4 spell: Force Lance
   705 | D        | Noticed a komodo dragon
   705 | D        | Noticed an elephant
   706 | D        | Reached skill level 1 in Hexes
   706 | D        | Reached skill level 1 in Translocations
   711 | D        | Killed an elephant
   712 | D        | Killed a komodo dragon
   712 | D        | Reached XP level 10. HP: 44/44 MP: 2/23
   712 | D        | Identified Sif Muna's Disquisition on Flamy Evil Rites (Sif
                  | Muna gifted it to you in the Dungeon)
   712 | D        | Received a gift from Sif Muna
   737 | D        | Learned a level 3 spell: Regeneration
   740 | D        | Noticed a lindwurm
   742 | D        | Killed a lindwurm
   742 | D        | Reached skill level 1 in Charms
   742 | D        | Noticed a lindwurm
   745 | D        | Noticed a lindwurm
   812 | D        | Killed a lindwurm
   812 | D        | Killed a lindwurm
   812 | D        | Received a gift from Sif Muna
   884 | D        | Noticed Urug
   914 | D        | Learned a level 4 spell: Passage of Golubria
   945 | D        | Killed Urug
   945 | D        | Reached skill level 10 in Conjurations
   945 | D        | Reached skill level 1 in Necromancy
   945 | D        | Reached skill level 5 in Translocations
  1019 | D        | Noticed Josephine
  1020 | D        | Reached skill level 10 in Spellcasting
  1023 | D        | Killed Josephine
  1023 | D        | Reached XP level 11. HP: 48/48 MP: 19/26
  1026 | D        | Received a gift from Sif Muna
  1051 | D        | Noticed an orc knight
  1056 | D        | Killed an orc knight
  1058 | D        | Identified Rocu's Handbook of Gliding Translocation (Sif
                  | Muna gifted it to you in the Dungeon)
  1058 | D        | Received a gift from Sif Muna
  1103 | D        | Learned a level 2 spell: Shroud of Golubria
  1111 | D        | Identified Sif Muna's Incunabulum of Arcane Weapons (Sif
                  | Muna gifted it to you in the Dungeon)
  1111 | D        | Received a gift from Sif Muna
  1114 | D        | Noticed an orc knight
  1129 | D        | Killed an orc knight
  1231 | D        | Found Quw Syzu's Food Emporium.
  1231 | D        | Noticed an orc high priest
  1231 | D        | Noticed an orc sorcerer
  1231 | D        | Noticed an orc high priest
  1232 | D        | Noticed an orc sorcerer
  1233 | D        | Killed an orc high priest
  1233 | D        | Reached skill level 10 in Invocations
  1234 | D        | Received a gift from Sif Muna
  1234 | D        | Killed an orc sorcerer
  1235 | D        | Killed an orc high priest
  1235 | D        | Killed an orc sorcerer
  1235 | D        | Noticed an orc knight
  1264 | D        | Noticed an orc sorcerer
  1268 | D        | Killed an orc knight
  1268 | D        | Noticed an orc knight
  1325 | D        | Killed an orc sorcerer
  1359 | D        | Killed an orc knight
  1359 | D        | Identified Sif Muna's Catalogue of Creative Weightlessness
                  | (Sif Muna gifted it to you in the Dungeon)
  1359 | D        | Received a gift from Sif Muna
  1373 | D        | Learned a level 4 spell: Summon Lightning Spire
  1386 | D        | Noticed an orc knight
  1399 | D        | Killed an orc knight
  1418 | D        | Found Cocek's Weapon Shoppe.
  1422 | D        | Found Wier's Book Emporium.
  1426 | D        | Found Lonaurcheux's Food Shoppe.
  1441 | D        | Bought a ration for 50 gold pieces
  1441 | D        | Bought a ration for 50 gold pieces
  1441 | D        | Bought a ration for 50 gold pieces
  1441 | D        | Bought a ration for 50 gold pieces
  1441 | D        | Bought a ration for 50 gold pieces
  1441 | D        | Bought a ration for 50 gold pieces
  1441 | D        | Bought a ration for 50 gold pieces
  1441 | D        | Bought a ration for 50 gold pieces
  1451 | D        | Bought a ration for 70 gold pieces
  1451 | D        | Bought a ration for 70 gold pieces
  1451 | D        | Bought a ration for 70 gold pieces
  1451 | D        | Bought a ration for 70 gold pieces
  1451 | D        | Bought a ration for 70 gold pieces
  1451 | D        | Bought a ration for 70 gold pieces
  1451 | D        | Bought a ration for 70 gold pieces
  1451 | D        | Bought a ration for 70 gold pieces
  1451 | D        | Bought a ration for 70 gold pieces
  1451 | D        | Bought a ration for 70 gold pieces
  1451 | D        | Bought a ration for 70 gold pieces
  1453 | D        | Bought a book of Cantrips for 240 gold pieces
  1453 | D        | Bought a book of Maledictions for 300 gold pieces
  1472 | D        | Learned a level 1 spell: Animate Skeleton
  1553 | D        | Noticed Sonja
  1587 | D        | Killed Sonja
  1587 | D        | Reached skill level 1 in Summonings
  1589 | D        | Noticed Psyche
  1595 | D        | Killed Psyche
  1631 | D        | Found the +11 plutonium sword {*Contam Stlth-}
  1644 | D        | Found the +2 hat of the Bear Spirit {Spirit, +Rage rN+
                  | MR++}
  1677 | D        | Noticed a centaur warrior
  1681 | D        | Identified Sif Muna's Further Steps in the Arcane Arts (Sif
                  | Muna gifted it to you in the Dungeon)
  1681 | D        | Received a gift from Sif Muna
  1682 | D        | Killed a centaur warrior
  1682 | D        | Gained mutation: Your thick and shaggy fur keeps you warm.
                  | (AC +3, rC+) [Felid growth]
  1682 | D        | Reached XP level 12. HP: 55/55 MP: 22/29
  1693 | D        | Reached skill level 5 in Hexes
  1695 | D        | Noticed an ettin
  1702 | D        | Noticed a centaur warrior
  1704 | D        | Killed an ettin
  1705 | D        | Noticed a stone giant
  1706 | D        | Killed a centaur warrior
  1728 | D        | Killed a stone giant
  1728 | D        | Identified Sif Muna's Second Course in Wizardry (Sif Muna
                  | gifted it to you in the Dungeon)
  1728 | D        | Received a gift from Sif Muna
  1728 | D        | Reached skill level 15 in Dodging
  1748 | D        | Reached skill level 10 in Stealth
  1817 | D        | Learned a level 3 spell: Mephitic Cloud
  1888 | D        | Noticed Eustachio
  1893 | D        | Noticed Donald
  1897 | D        | Killed Eustachio
  1902 | D        | Killed Donald
  1906 | D        | HP: 1/57 [poisoned by Donald]
  2003 | D        | Noticed a nagaraja
  2003 | D        | Noticed a naga warrior
  2003 | D        | Noticed a naga warrior
  2007 | D        | Noticed an anaconda
  2009 | D        | Killed a nagaraja
  2009 | D        | Reached ****** piety under Sif Muna
  2009 | D        | Identified Sif Muna's Handbook of Captivating Confrontation
                  | (Sif Muna gifted it to you in the Dungeon)
  2009 | D        | Received a gift from Sif Muna
  2010 | D        | Killed a naga warrior
  2015 | D        | Killed a naga warrior
  2015 | D        | Killed an anaconda
  2016 | D        | Reached skill level 10 in Fighting
  2093 | D        | Identified Sif Muna's Reference Book on Doomed Combat Magic
                  | (Sif Muna gifted it to you in the Dungeon)
  2093 | D        | Received a gift from Sif Muna
  2094 | D        | Noticed a ghost crab
  2097 | D        | Reached skill level 10 in Hexes
  2100 | D        | Reached XP level 13. HP: 61/61 MP: 5/32
  2104 | D        | HP: 1/61 [something] (15)]
  2196 | D        | Noticed a merfolk javelineer
  2200 | D        | Reached skill level 15 in Spellcasting
  2206 | D        | Killed a merfolk javelineer
  2206 | D        | Received a gift from Sif Muna
  2275 | D        | Identified Bytso's Papyrus of Dusty Combat Magic (Sif Muna
                  | gifted it to you in the Dungeon)
  2275 | D        | Received a gift from Sif Muna
  2321 | D        | Learned a level 5 spell: Irradiate
  2415 | D        | Noticed a spark wasp
  2432 | D        | Killed a spark wasp
  2473 | D        | Noticed Frances
  2499 | D        | Killed Frances
  2601 | D        | Learned a level 1 spell: Confusing Touch
  2605 | D        | Noticed a tengu reaver
  2610 | D        | Identified Sif Muna's Almanac of Fetching Battle Magic (Sif
                  | Muna gifted it to you in the Dungeon)
  2610 | D        | Received a gift from Sif Muna
  2612 | D        | Noticed a spark wasp
  2615 | D        | Noticed a frost giant
  2632 | D        | Killed a tengu reaver
  2632 | D        | Noticed a spark wasp
  2632 | D        | a manticore changed into a spark wasp
  2638 | D        | Killed a spark wasp
  2677 | D        | Killed a spark wasp
  2694 | D        | Identified Nuownol's Compendium of the Eternal Void (Sif
                  | Muna gifted it to you in the Dungeon)
  2694 | D        | Received a gift from Sif Muna
  2705 | D        | Killed a frost giant
  2709 | D        | Noticed an ettin
  2718 | D        | Killed an ettin
  2758 | D        | Noticed a stone giant
  2770 | D        | Killed a stone giant
  2770 | D        | Identified Sif Muna's Almanac of Mutagenic Conjuration (Sif
                  | Muna gifted it to you in the Dungeon)
  2770 | D        | Received a gift from Sif Muna
  2776 | D        | Noticed a stone giant
  2808 | D        | HP: 3/63 [stone giant/large rock (60)]
  2839 | D        | Killed a stone giant
  2839 | D        | Reached XP level 14. HP: 44/67 MP: 11/37
  2960 | D        | Learned a level 5 spell: Borgnjor's Vile Clutch
  2970 | D        | Reached skill level 1 in Earth Magic
  3018 | D        | Identified Pytuuw's Guide on Talismans and Combat Magic
                  | (Sif Muna gifted it to you in the Dungeon)
  3018 | D        | Received a gift from Sif Muna
  3041 | D        | Noticed a vault warden
  3048 | D        | Noticed a tengu reaver
  3050 | D        | Killed a vault warden
  3072 | D        | Killed from afar by a tengu reaver
  3073 | D        | Reached XP level 13. HP: -13/64 MP: 30/36
  3095 | D        | Noticed Louise
  3112 | D        | Killed Louise
  3258 | D        | Identified Sif Muna's Papyrus of Boosting Flight (Sif Muna
                  | gifted it to you in the Dungeon)
  3258 | D        | Received a gift from Sif Muna
  3332 | D        | Noticed a stone giant
  3360 | D        | Killed a stone giant
  3360 | D        | Noticed a deep elf sorcerer
  3482 | D        | Killed a deep elf sorcerer
  3568 | D        | Identified Sif Muna's Reference Book on Quantum Blows and
                  | Bruises (Sif Muna gifted it to you in the Dungeon)
  3568 | D        | Received a gift from Sif Muna
  3617 | D        | Killed a tengu reaver
  3617 | D        | Reached skill level 5 in Earth Magic
  3893 | D        | Noticed Frederick
  3898 | D        | Learned a level 2 spell: Blink
  3921 | D        | Killed Frederick
  3921 | D        | Reached skill level 15 in Conjurations
  4001 | D        | Noticed Margery
  4009 | D        | Killed Margery
  4009 | D        | Identified Sif Muna's Almanac of Stones (Sif Muna gifted it
                  | to you in the Dungeon)
  4009 | D        | Received a gift from Sif Muna
  4009 | D        | Reached XP level 14. HP: 23/70 MP: 23/39
  4139 | D        | Identified Sif Muna's Collected Works on Hurtful Sinister
                  | Secrets (Sif Muna gifted it to you in the Dungeon)
  4139 | D        | Received a gift from Sif Muna
  4237 | D        | Got a decaying rune of Zot
  4301 | D        | Noticed Ilsuiw
  4306 | D        | Received a gift from Sif Muna
  4309 | D        | Killed Ilsuiw
  4325 | D        | Received a gift from Sif Muna
  4387 | D        | Got a barnacled rune of Zot
  4443 | D        | Noticed an emperor scorpion
  4443 | D        | Noticed an emperor scorpion
  4443 | D        | Noticed a ghost moth
  4445 | D        | Killed a ghost moth
  4446 | D        | Noticed a ghost moth
  4447 | D        | Killed an emperor scorpion
  4447 | D        | Identified Kotireyri's Guide on Cloudy Evil (Sif Muna
                  | gifted it to you in the Dungeon)
  4447 | D        | Received a gift from Sif Muna
  4447 | D        | Killed an emperor scorpion
  4574 | D        | Killed a ghost moth
  4592 | D        | Noticed an emperor scorpion
  4593 | D        | Noticed an emperor scorpion
  4607 | D        | Killed an emperor scorpion
  4675 | D        | Killed an emperor scorpion
  4675 | D        | Reached skill level 15 in Fighting
  4703 | D        | Learned a level 6 spell: Freezing Cloud
  4706 | D        | Noticed an emperor scorpion
  4729 | D        | Killed an emperor scorpion
  4729 | D        | Reached skill level 1 in Ice Magic
  4783 | D        | Got a gossamer rune of Zot
  4845 | D        | Noticed a nagaraja
  4845 | D        | Noticed a nagaraja
  4845 | D        | Noticed a nagaraja
  4849 | D        | Received a gift from Sif Muna
  4853 | D        | Killed a nagaraja
  4854 | D        | Killed a nagaraja
  4855 | D        | Noticed a nagaraja
  4857 | D        | Killed a nagaraja
  4857 | D        | Reached XP level 15. HP: 77/77 MP: 24/43
  4858 | D        | Noticed a nagaraja
  4864 | D        | Killed a nagaraja
  4864 | D        | Killed a nagaraja
  4864 | D        | Reached skill level 5 in Ice Magic
  4867 | D        | Identified Suopp's Almanac of Confrontation and Good Luck
                  | (Sif Muna gifted it to you in the Dungeon)
  4867 | D        | Received a gift from Sif Muna
  4881 | D        | Noticed a nagaraja
  4890 | D        | Killed a nagaraja
  5024 | D        | Got a serpentine rune of Zot
  5123 | D        | Identified Sedutzam's Reference Book on Ensnaring Cold (Sif
                  | Muna gifted it to you in the Dungeon)
  5123 | D        | Received a gift from Sif Muna
  5125 | D        | Reached skill level 15 in Stealth
  5151 | D        | Received a gift from Sif Muna
  5158 | D        | Reached skill level 10 in Ice Magic
  5347 | D        | Received a gift from Sif Muna
  5540 | D        | Noticed a lich
  5542 | D        | Received a gift from Sif Muna
  5544 | D        | Killed a lich
  5559 | D        | Received a gift from Sif Muna
  5561 | D        | Noticed a shadow dragon
  5576 | D        | Killed a shadow dragon
  5577 | D        | Noticed a shadow dragon
  5590 | D        | Killed a shadow dragon
  5607 | D        | Identified Sif Muna's Papyrus of Companions (Sif Muna
                  | gifted it to you in the Dungeon)
  5607 | D        | Received a gift from Sif Muna
  5612 | D        | Noticed a vault warden
  5620 | D        | Killed a vault warden
  5620 | D        | Reached skill level 15 in Ice Magic
  5760 | D        | Noticed a shadow dragon
  5760 | D        | Noticed a shadow dragon
  5760 | D        | Noticed a shadow dragon
  5778 | D        | Reached XP level 16. HP: 81/81 MP: 40/44
  5782 | D        | Killed a shadow dragon
  5785 | D        | Killed a shadow dragon
  5797 | D        | Noticed an ancient lich
  5797 | D        | Killed a shadow dragon
  5798 | D        | Noticed a shadow dragon
  5822 | D        | Received a gift from Sif Muna
  5838 | D        | Killed a shadow dragon
  5844 | D        | Killed an ancient lich
  5844 | D        | Reached skill level 27 in Dodging
  5919 | D        | Got a silver rune of Zot
  5946 | D        | Noticed Mennas
  5952 | D        | Killed Mennas
  5998 | D        | Noticed Mara
  6052 | D        | Learned a level 7 spell: Orb of Destruction
  6058 | D        | Noticed MordorOrchid's illusion
  6058 | D        | Killed Mara
  6156 | D        | Got the ring "Esycauso" {rCorr Stlth+}
  6158 | D        | Got the ring "Usoqireu" {Fire *Drain Str+4 Int+7 Dex+3}
  6160 | D        | Got the ring of the Jester {rF+ AC+3 Dex+4 Stlth+}
  6164 | D        | Got the ring "Zoapn" {Int-2 Dex+6}
  6167 | D        | Got the ring of Jeosun {rCorr MP+9 Dex+5}
  6241 | D        | Noticed Boris
  6241 | D        | Noticed Sojobo
  6248 | D        | Killed from afar by a tengu reaver
  6249 | D        | Reached XP level 15. HP: -8/78 MP: 29/52
  6249 | D        | Killed a tengu reaver
  6249 | D        | Killed Sojobo
  6264 | D        | Killed Boris
  6284 | D        | Killed a tengu reaver
  6389 | D        | Noticed Nikola
  6401 | D        | Killed Nikola
  6545 | D        | Noticed a lich
  6548 | D        | Killed a lich
  6550 | D        | Noticed a quicksilver dragon
  6565 | D        | Identified Sif Muna's Tome of Unstable Lightness (Sif Muna
                  | gifted it to you in the Dungeon)
  6565 | D        | Received a gift from Sif Muna
  6566 | D        | Killed a quicksilver dragon
  6566 | D        | Reached XP level 16. HP: 59/85 MP: 6/44
  6756 | D        | Noticed a bone dragon
  6756 | D        | Noticed a bone dragon
  6756 | D        | Noticed a storm dragon
  6769 | D        | Noticed a bone dragon
  6773 | D        | Killed a bone dragon
  6780 | D        | Killed a storm dragon
  6782 | D        | Killed a bone dragon
  6782 | D        | Identified Sif Muna's Last Almanac of the Archmage (Sif
                  | Muna gifted it to you in the Dungeon)
  6782 | D        | Received a gift from Sif Muna
  6788 | D        | Killed a bone dragon
  6843 | D        | Noticed a bone dragon
  6846 | D        | Noticed a bone dragon
  6854 | D        | Killed a bone dragon
  6869 | D        | Killed a bone dragon
  6993 | D        | Noticed a storm dragon
  6993 | D        | Noticed a golden dragon
  6997 | D        | Received a gift from Sif Muna
  7006 | D        | Killed a storm dragon
  7016 | D        | Killed a golden dragon
  7109 | D        | Learned a level 9 spell: Glaciate
  7114 | D        | Identified Sif Muna's Catalogue of Excruciating Unholy Arts
                  | (Sif Muna gifted it to you in the Dungeon)
  7114 | D        | Received a gift from Sif Muna
  7115 | D        | Noticed a tentacled monstrosity
  7128 | D        | Killed a tentacled monstrosity
  7251 | D        | Learned a level 3 spell: Conjure Flame
  7272 | D        | Noticed a death cob
  7272 | D        | Noticed a death cob
  7274 | D        | Reached skill level 1 in Fire Magic
  7274 | D        | Killed a death cob
  7276 | D        | Reached XP level 17. HP: 93/93 MP: 44/48
  7276 | D        | Noticed an orb of fire
  7278 | D        | Reached skill level 5 in Fire Magic
  7281 | D        | Killed an orb of fire
  7313 | D        | Noticed a golden dragon
  7316 | D        | Reached skill level 10 in Fire Magic
  7319 | D        | Killed a golden dragon
  7463 | D        | Noticed an Orb Guardian
  7463 | D        | Noticed an Orb Guardian
  7463 | D        | Noticed an Orb Guardian
  7463 | D        | Noticed an Orb Guardian
  7463 | D        | Noticed an Orb Guardian
  7463 | D        | Noticed an Orb Guardian
  7465 | D        | Noticed an Orb Guardian
  7466 | D        | Killed an Orb Guardian
  7467 | D        | Killed an Orb Guardian
  7467 | D        | Killed an Orb Guardian
  7467 | D        | Killed an Orb Guardian
  7467 | D        | Killed an Orb Guardian
  7467 | D        | Reached skill level 27 in Spellcasting
  7470 | D        | Noticed an Orb Guardian
  7472 | D        | Noticed an Orb Guardian
  7472 | D        | Killed an Orb Guardian
  7475 | D        | Killed an Orb Guardian
  7476 | D        | Killed an Orb Guardian
  7476 | D        | Noticed an Orb Guardian
  7478 | D        | Killed an Orb Guardian
  7480 | D        | Killed an Orb Guardian
  7480 | D        | Reached skill level 15 in Fire Magic
  7573 | D        | Learned a level 6 spell: Statue Form
  7577 | D        | Noticed an Orb Guardian
  7577 | D        | Noticed an Orb Guardian
  7578 | D        | Noticed an Orb Guardian
  7579 | D        | Killed an Orb Guardian
  7579 | D        | Reached skill level 5 in Transmutations
  7581 | D        | Killed an Orb Guardian
  7582 | D        | Killed an Orb Guardian
  7582 | D        | Noticed an Orb Guardian
  7587 | D        | Killed an Orb Guardian
  7611 | D        | Noticed an ancient lich
  7615 | D        | Killed an ancient lich
  7615 | D        | Reached XP level 18. HP: 97/97 MP: 33/50
  7662 | D        | Noticed an orb of fire
  7664 | D        | Noticed an electric golem
  7666 | D        | Killed an electric golem
  7667 | D        | Killed an orb of fire
  7740 | D        | Learned a level 9 spell: Fire Storm
  7745 | D        | Noticed an electric golem
  7745 | D        | Noticed an ancient lich
  7748 | D        | Killed an electric golem
  7749 | D        | Killed an ancient lich
  7751 | D        | Noticed an orb of fire
  7754 | D        | Gained mutation: Your body sometimes deteriorates upon
                  | taking damage. [an orb of fire]
  7755 | D        | Gained mutation: You are clumsy. (Dex -2) [an orb of fire]
  7765 | D        | Noticed a golden dragon
  7767 | D        | Killed an orb of fire
  7767 | D        | Reached skill level 10 in Unarmed Combat
  7768 | D        | Killed a golden dragon
  7769 | D        | Noticed an orb of fire
  7801 | D        | Noticed an Orb Guardian
  7900 | D        | Killed an Orb Guardian
  7990 | D        | Killed an orb of fire
  8046 | D        | Noticed an Orb Guardian
  8046 | D        | Noticed an Orb Guardian
  8046 | D        | Noticed an Orb Guardian
  8046 | D        | Noticed an Orb Guardian
  8046 | D        | Noticed an Orb Guardian
  8046 | D        | Noticed an Orb Guardian
  8048 | D        | Killed an Orb Guardian
  8048 | D        | Reached skill level 27 in Conjurations
  8049 | D        | Noticed an Orb Guardian
  8050 | D        | Killed an Orb Guardian
  8051 | D        | Killed an Orb Guardian
  8051 | D        | Killed an Orb Guardian
  8052 | D        | Noticed an Orb Guardian
  8054 | D        | Killed an Orb Guardian
  8054 | D        | Noticed an Orb Guardian
  8055 | D        | Killed an Orb Guardian
  8056 | D        | Killed an Orb Guardian
  8056 | D        | Reached skill level 15 in Unarmed Combat
  8056 | D        | Killed an Orb Guardian
  8056 | D        | Noticed an Orb Guardian
  8058 | D        | Noticed an Orb Guardian
  8061 | D        | Killed an Orb Guardian
  8061 | D        | Noticed an Orb Guardian
  8062 | D        | Killed an Orb Guardian
  8062 | D        | Reached XP level 19. HP: 108/108 MP: 7/51
  8192 | D        | Noticed an ancient lich
  8194 | D        | Reached skill level 5 in Necromancy
  8195 | D        | Killed an ancient lich
  8198 | D        | Noticed a lich
  8202 | D        | Killed a lich
  8368 | D        | Reached skill level 10 in Necromancy
  8410 | D        | Got an elven rune of Zot
  8507 | D        | Noticed the Royal Jelly
  8514 | D        | Killed the Royal Jelly
  8516 | D        | Reached skill level 10 in Evocations
  8535 | D        | Got a slimy rune of Zot
  8625 | D        | Reached XP level 20. HP: 90/117 MP: 52/52
  8635 | D        | Reached skill level 15 in Necromancy
  8770 | D        | Learned a level 8 spell: Necromutation
  8841 | D        | Reached skill level 10 in Transmutations
  8942 | D        | Noticed a greater mummy
  8942 | D        | Noticed a greater mummy
  8942 | D        | Noticed a greater mummy
  8944 | D        | Noticed a greater mummy
  8945 | D        | Killed a greater mummy
  8945 | D        | Reached skill level 27 in Fighting
  8945 | D        | Killed a greater mummy
  8948 | D        | Killed a greater mummy
  8948 | D        | Lost strength.
  8951 | D        | Killed a greater mummy
  8952 | D        | Reached skill level 27 in Fire Magic
  8967 | D        | Got a golden rune of Zot
  9035 | D        | Reached skill level 5 in Summonings
  9041 | D        | Got an abyssal rune of Zot
  9163 | D        | Noticed Geryon
  9170 | D        | Killed Geryon
  9255 | D        | Noticed Mnoleg
  9255 | D        | Identified the +4 staff of Dispater
  9255 | D        | Noticed Dispater
  9255 | D        | Identified the +7 sceptre of Asmodeus
  9255 | D        | Noticed Asmodeus
  9263 | D        | Killed Mnoleg
  9308 | D        | Killed Dispater
  9359 | D        | Identified the +6 sword of Cerebov {flame}
  9359 | D        | Noticed Cerebov
  9375 | D        | Killed Asmodeus
  9375 | D        | Reached skill level 15 in Transmutations
  9375 | D        | Reached skill level 27 in Ice Magic
  9562 | D        | Killed Cerebov
  9562 | D        | Reached XP level 21. HP: 34/120 MP: 6/53
  9586 | D        | Noticed Ereshkigal
  9665 | D        | Learned a level 7 spell: Spellforged Servitor
  9668 | D        | Upgraded the game from 0.24-a0-613-g1ff6aac338 to
                  | 0.24-a0-615-g751f86b5a9
  9696 | D        | Noticed Lom Lobon
  9717 | D        | Killed Lom Lobon
  9748 | D        | Killed Ereshkigal
  9825 | D        | Got a glowing rune of Zot
  9829 | D        | Got an obsidian rune of Zot
  9834 | D        | Got an iron rune of Zot
  9838 | D        | Got a fiery rune of Zot
  9840 | D        | Noticed Gloorx Vloq
  9844 | D        | Noticed Antaeus
  9848 | D        | Killed Gloorx Vloq
  9848 | D        | Reached skill level 15 in Summonings
  9885 | D        | Killed Antaeus
  9911 | D        | Got a bone rune of Zot
  9915 | D        | Got a magical rune of Zot
  9919 | D        | Got a dark rune of Zot
  9923 | D        | Got an icy rune of Zot
 10256 | D        | Learned a level 3 spell: Mephitic Cloud
 10258 | D        | Got the Orb of Zot
 10731 | D        | Noticed Vainaef the pandemonium lord
 10766 | D        | Killed Vainaef the pandemonium lord
 10766 | D        | Reached skill level 27 in Stealth
 10766 | D        | Reached skill level 15 in Invocations
 11524 | D        | Noticed Qeapat the pandemonium lord
 11529 | D        | Killed Qeapat the pandemonium lord
 11837 | D        | Escaped with the Orb!

Levels and vault maps discovered:
D:        linesprint [early_d, line_temple, items_1, d_10, items_2, lair_1,
          lair_end, items_3, orc_1, orc_end, items_4, d_15, swamp_1, shoals_1,
          snake_1, spider_1, d_20, vaults_1, items_5, swamp_end, shoals_end,
          snake_end, spider_end, vaults_end, d_27, items_6, zot_1, zot_end,
          crypt_end, forest_end, elf_end, slime_end, tomb_end, abyss_end,
          pan_hell_end]

Skill      XL: |  1  2  3  4  5  6  7  8  9 10 11 12 13 14 15 16 17 18 19 20 21 |
---------------+----------------------------------------------------------------+-----
Fighting       | 1 2 3 5 8 10 13 15 17 20 24 26 27 | 27.0
Unarmed Combat | 1 2 3 5 6 16 19 22 25 | 25.2
Spellcasting   | 3 5 6 7 8 10 12 14 20 23 26 27 | 27.0
Conjurations   | 2 3 4 5 7 8 10 12 13 15 16 20 22 25 27 | 27.0
Dodging        | 3 4 6 7 8 9 11 12 14 16 20 21 26 27 | 27.0
Stealth        | 3 4 6 8 10 11 15 17 22 27 | 27.0
Air Magic      | 4 6 7 8 9 10 11 12 | 12.0
Invocations    | 2 3 5 6 8 10 13 16 | 16.9
Evocations     | 3 4 5 6 10 12 | 12.2
Hexes          | 2 4 10 12 | 12.2
Translocations | 3 6 |  6.1
Charms         | 3 |  3.3
Necromancy     | 2 4 13 17 | 17.2
Summonings     | 2 4 12 18 | 18.7
Transmutations | 4 7 17 25 | 25.0
Earth Magic    | 6 7 8 |  8.3
Ice Magic      | 3 20 22 24 27 | 27.0
Fire Magic     | 4 19 22 24 27 | 27.0

Action                   |  1- 3 |  4- 6 |  7- 9 | 10-12 | 13-15 | 16-18 | 19-21 || total
-------------------------+-------+-------+-------+-------+-------+-------+-------++-------
Melee: Unarmed           |     4 |     9 |    15 |    58 |    51 |     3 |    55 ||   195
       Bite              |       |     1 |     1 |     9 |    11 |       |     5 ||    27
       Punch             |       |       |       |       |     3 |       |     6 ||     9
 Cast: Shock             |    13 |     3 |     4 |    14 |    29 |       |       ||    63
       Airstrike         |       |       |     2 |    21 |    73 |    45 |     7 ||   148
       Lightning Bolt    |       |       |    15 |    79 |   197 |    51 |     8 ||   350
       Force Lance       |       |       |       |    28 |    58 |     5 |       ||    91
       Regeneration      |       |       |       |    19 |    47 |    27 |    19 ||   112
       Passage of Golubr |       |       |       |    17 |    19 |     1 |    34 ||    71
       Dazzling Spray    |       |       |       |    22 |     6 |       |       ||    28
       Necromutation     |       |       |       |     1 |       |       |    20 ||    21
       Shroud of Golubri |       |       |       |    12 |    28 |    15 |    27 ||    82
       Animate Skeleton  |       |       |       |     5 |    46 |    16 |    18 ||    85
       Summon Lightning  |       |       |       |     5 |    43 |    12 |     3 ||    63
       Mephitic Cloud    |       |       |       |     4 |    52 |     2 |       ||    58
       Irradiate         |       |       |       |       |     4 |       |     2 ||     6
       Glaciate          |       |       |       |       |     3 |    41 |    61 ||   105
       Borgnjor's Vile C |       |       |       |       |    23 |    35 |    23 ||    81
       Freezing Cloud    |       |       |       |       |    11 |     5 |       ||    16
       Fire Storm        |       |       |       |       |     2 |     8 |    81 ||    91
       Orb of Destructio |       |       |       |       |     6 |    22 |    27 ||    55
       Blink             |       |       |       |       |       |     4 |    77 ||    81
       Statue Form       |       |       |       |       |       |     6 |     7 ||    13
       Controlled Blink  |       |       |       |       |       |       |     3 ||     3
       Spellforged Servi |       |       |       |       |       |       |    10 ||    10
Invok: Channel Magic     |       |       |     4 |    27 |    50 |    27 |    37 ||   145
       Divine Exegesis   |       |       |       |     1 |     5 |     4 |     3 ||    13
       Forget Spell      |       |       |       |       |       |     5 |     4 ||     9
 Abil: End Transformatio |       |       |       |       |       |       |     7 ||     7
Evoke: Wand              |       |     2 |     5 |     1 |       |       |       ||     8
  Use: Potion            |     1 |     1 |     1 |     1 |     6 |     1 |     8 ||    19
       Scroll            |       |       |       |     2 |     1 |     2 |       ||     5
 Stab: Sleeping          |       |       |       |     4 |       |       |       ||     4
       Invisible         |       |       |       |     8 |     1 |       |       ||     9
       Confused          |       |       |       |     2 |    10 |       |       ||    12
  Eat: Chunk             |     1 |     4 |     7 |    27 |    47 |    22 |    24 ||   132
       Ration            |       |       |       |       |       |     5 |     7 ||    12
Armor: Skin              |       |       |     1 |     1 |       |     4 |    12 ||    18
Dodge: Dodged            |    12 |     9 |    14 |    62 |   138 |    52 |    82 ||   369

Table legend:
 A = Non-vault XP
 B = Vault XP
 C = Vault XP percentage of total XP
 D = Non-vault monster count
 E = Vault monster count
 F = Vault count percentage of total count
                 A         B        C        D         E       F
            +---------+---------+-------+---------+---------+-------
      Total |       4 |  735888 | 100.0 |       1 |     524 |  99.8
            +---------+---------+-------+---------+---------+-------
          D |       4 |  735888 | 100.0 |       1 |     524 |  99.8
            +---------+---------+-------+---------+---------+-------
